 Dungeon Crawl Stone Soup version 0.18.1-8-gdd0e5ea (webtiles) character file.

75489 Kenran the Severer (level 15, -8/100 HPs)
             Began as a Gargoyle Berserker on May 24, 2016.
             Was the Champion of Trog.
             Mangled by a titanic slime creature (43 damage)
             ... on level 12 of the Dungeon.
             The game lasted 01:15:58 (29520 turns).

Kenran the Severer (Gargoyle Berserker)            Turns: 29520, Time: 01:15:58

Health: -8/100     AC: 37    Str: 22    XL:     15   Next: 50%
Magic:  16/16      EV:  7    Int:  9    God:    Trog [******]
Gold:   2141       SH:  0    Dex: 13    Spells: 0 memorised, 14 levels left

rFire  + . .     SeeInvis .     a - +5 executioner's axe (venom)
rCold  . . .     Gourm    .     u - +3 plate armour
rNeg   + + .     Faith    .     (shield currently unavailable)
rPois  ∞         Spirit   .     P - +2 helmet {rF+}
rElec  +         Dismiss  .     g - +2 cloak
rCorr  .         Reflect  .     (no gloves)
SustAt .         Harm     .     m - +1 pair of boots {Stlth+}
MR     +....                    (no amulet)
Stlth  ..........               O - ring of stealth
                                f - ring of positive energy

@: flying, somewhat resistant to hostile enchantments, extremely unstealthy
A: big wings, negative energy resistance 1, electricity resistance, unbreathing,
petrification resistance, rot immunity, AC +11
a: Stop Flying, Berserk, Trog's Hand, Brothers in Arms, Burn Spellbooks,
Renounce Religion


You were on level 12 of the Dungeon.
You worshipped Trog.
Trog was exalted by your worship.
You were not hungry.

You visited 3 branches of the dungeon, and saw 22 of its levels.
You also visited: Sewer and Volcano.

You collected 2141 gold pieces.

Inventory:

Hand Weapons
 a - a +5 executioner's axe of venom (weapon)
 C - a +5 antimagic battleaxe
 N - a +0 war axe of flaming
Armour
 g - a +2 cloak (worn)
 m - a +1 pair of boots of stealth (worn)
 u - a +3 plate armour (worn)
 P - a +2 helmet of fire resistance (worn)
Jewellery
 f - a ring of positive energy (left hand)
 M - an uncursed ring of sustain attributes
 O - a ring of stealth (right hand)
Wands
 J - a wand of paralysis (12/24)
Scrolls
 d - 14 scrolls of teleportation
 k - a scroll of fear
 n - 2 scrolls of blinking
 q - 9 scrolls of remove curse
 t - 2 scrolls of enchant armour
 x - 3 scrolls of magic mapping
 z - 2 scrolls of fog
 G - 2 scrolls of identify
 H - a scroll of recharging
Potions
 e - 4 potions of curing
 h - 4 potions of berserk rage
 i - 4 potions of heal wounds
 j - 3 potions of cure mutation
 o - 2 potions of haste {unknown}
 p - 2 potions of brilliance
 r - a potion of lignification {unknown}
 s - a potion of invisibility {unknown}
 v - 3 potions of might
 w - 2 potions of mutation {unknown}
 K - a potion of experience {unknown}
Miscellaneous
 E - a box of beasts
 L - a lamp of fire
Comestibles
 b - 7 meat rations
 c - 9 bread rations
 l - 14 chunks of flesh


   Skills:
 - Level 14.0 Fighting
 - Level 19.0 Axes
 - Level 10.0 Armour
 - Level 1.5 Dodging
 + Level 2.5 Evocations


You had 14 spell levels left.
You didn't know any spells.

Dungeon Overview and Level Annotations

Branches:
Dungeon (12/15)            Temple (0/1) D:4            Lair (8/8) D:10
 Shoals (0/4) Lair:4       Spider (0/4) Lair:3        Slime (0/6) Lair:6
    Orc (2/2) D:9             Elf (0/3) Orc:2

Altars:
Dithmenos
Elyvilon
Fedhas
Makhleb
Qazlal
Trog
Beogh
Jiyva

Shops:
Orc:2 =}::

Portals:
Hell: Lair:8

Annotations:
Lair:6 exclusion: 2 oklob plants


Innate Abilities, Weirdness & Mutations

You are resistant to torment.
Your stone body is resilient (AC +11).
You are immune to poison.
Your large and strong wings let you fly indefinitely.
You resist negative energy.
You are resistant to electric shocks.
You can survive without breathing.
You are immune to petrification.
You are immune to rotting.


Message History

A large slime creature splits.
You slice the slime creature!!
You kill the slime creature!
Trog accepts your kill.
You slash the slime creature!
The slime creature is severely wounded.
The slime creature hits you but does no damage.
Two slime creatures merge to form a titanic slime creature.
You slice the titanic slime creature!!
The titanic slime creature is moderately wounded.
You slash the titanic slime creature!
The titanic slime creature is moderately wounded.
You slash the titanic slime creature!
The titanic slime creature is poisoned.
The titanic slime creature is moderately wounded.
The titanic slime creature hits you!!!
Ouch! That really hurt!
You slash the titanic slime creature!
The titanic slime creature is moderately wounded.
The titanic slime creature hits you!!!
You die...

.. ....... ........#.# #.#. .##
...... #...... #.# #.#. .#
......#####...... #.#### #.#.
.# ### #.......... #....# #.#.
.# #....... .. #....# #.#.
#......# #.##....###.#. #.#
#.#........... ######J#
#.#..######.## ########.....@#
#....# #.#.
.#.........########...# #.#.
...........##.........# #.#.
...........##.#....#..# #.#|
...........##.#....+.># #.#.
...........##.#....#### ##.#.
>...................# #...)
....................# #....
....................#######....


You could see a titanic slime creature.

Vanquished Creatures
  Gastronok (Orc:1)
  A stone giant (D:9)
  2 dire elephants (Lair:8)
  An ettin (Orc:1)
  The ghost of blejac99 the Nimble, a journeyman TrFi of Trog (Lair:1)
  The ghost of raetorn the Grappler, a journeyman TrMo of Okawaru (D:10)
  Fannar (D:11)
  The ghost of lupus83 the Basher, a journeyman GrFi of Okawaru (D:12)
  A hell beast (Lair:8)
  A catoblepas (Lair:8)
  8 hydras
  3 death yaks
  2 orc high priests
  A wizard (Lair:8)
  Pikel (D:5)
  3 hill giants
  2 lindwurms (Lair:7)
  4 orc knights
  3 orc sorcerers
  A cyclops (D:12)
  A manticore (D:11)
  An ugly thing (D:12)
  2 griffons
  11 elephants
  4 black mambas
  Psyche (D:11)
  12 spiny frogs
  2 orange demons (Lair:8)
  3 rime drakes
  4 ice devils (Lair:8)
  A hellwing (Lair:8)
  11 komodo dragons
  2 red devils (Lair:8)
  6 trolls
  A polar bear (Lair:5)
  A two-headed ogre (Volcano)
  A merfolk (D:11)
  14 blink frogs
  A boulder beetle (Lair:8)
  7 slime creatures (D:12)
  3 wyverns
  2 spriggans (Lair:5)
  A vampire (D:10)
  3 fire bats (Lair:4)
  5 basilisks
  30 yaks
  A hungry ghost (D:8)
  Menkaure (D:5)
  11 hippogriffs
  5 wargs
  15 water moccasins
  Duvessa (D:5)
  3 hell hounds
  7 porcupines
  Purgy (Sewer)
  43 orc warriors
  A swamp drake (D:9)
  3 sky beasts
  4 slaves
  A wasp (D:10)
  3 black bears
  3 ice beasts
  13 ogres
  An eye of draining (D:12)
  4 phantoms
  19 wolves
  15 centaurs
  20 crocodiles
  21 giant frogs
  A wyvern zombie (D:11)
  Dowan (D:5)
  A water moccasin skeleton (D:9)
  2 scorpions
  11 killer bees
  8 howler monkeys
  5 wights (D:9)
  6 electric eels
  7 crimson imps
  2 centaur zombies
  A giant frog zombie (D:5)
  2 centaur skeletons
  21 orc wizards
  12 orc priests
  4 hounds
  9 jellies
  Jessica (D:2)
  A giant frog skeleton (D:8)
  14 iguanas
  14 worker ants
  13 sheep
  A hound skeleton (D:9)
  A worker ant zombie (D:11)
  8 gnolls
  A howler monkey skeleton (D:8)
  12 adders
  39 river rats
  2 shadow imps
  An ooze (D:4)
  An adder skeleton (D:6)
  An adder zombie (D:9)
  A worm (D:3)
  3 dart slugs
  8 giant geckos
  111 orcs
  6 giant cockroaches
  6 hobgoblins
  7 jackals
  6 quokkas
  6 ball pythons
  11 bats
  A giant gecko skeleton (D:8)
  5 giant newts
  8 goblins
  2 kobolds (D:2)
  14 rats
  12 fungi
  11 plants
786 creatures vanquished.

Vanquished Creatures (collateral kills)
  An orc warrior (Orc:2)
  A centaur (Orc:2)
2 creatures vanquished.

Vanquished Creatures (others)
  A two-headed ogre (Volcano)
  2 hogs (Volcano)
  8 fungi
  8 plants
  9 toadstools (Lair:7)
28 creatures vanquished.

Grand Total: 816 creatures vanquished

Notes
Turn   | Place    | Note
--------------------------------------------------------------
     0 | D:1      | Kenran the Gargoyle Berserker began the quest for the Orb.
     0 | D:1      | Reached XP level 1. HP: 14/14 MP: 1/1
   108 | D:1      | Reached skill level 3 in Axes
   144 | D:1      | Reached XP level 2. HP: 18/19 MP: 2/2
   548 | D:1      | Reached XP level 3. HP: 23/23 MP: 3/3
   971 | D:2      | Reached skill level 4 in Axes
  1052 | D:2      | Reached ** piety under Trog
  1234 | D:2      | Reached XP level 4. HP: 28/28 MP: 4/4
  1358 | D:2      | Noticed Jessica
  1382 | D:2      | Killed Jessica
  1864 | D:2      | Reached skill level 5 in Axes
  1984 | D:3      | Reached XP level 5. HP: 32/32 MP: 5/5
  2080 | D:3      | Found a white marble altar of Elyvilon.
  2417 | D:2      | Reached XP level 6. HP: 29/37 MP: 6/6
  2493 | D:3      | Reached skill level 6 in Axes
  2684 | D:4      | Found a staircase to the Ecumenical Temple.
  2884 | D:4      | Reached XP level 7. HP: 38/41 MP: 7/7
  2945 | D:4      | Found a glowing drain.
  2950 | Sewer    | Entered a sewer
  2972 | Sewer    | Noticed Purgy
  3000 | Sewer    | Killed Purgy
  3000 | Sewer    | Reached skill level 5 in Armour
  3319 | D:4      | Reached *** piety under Trog
  3603 | D:4      | Found a stormy altar of Qazlal.
  3624 | D:4      | Found a bloodstained altar of Trog.
  3835 | D:5      | Entered Level 5 of the Dungeon
  3835 | D:5      | Noticed Duvessa
  3835 | D:5      | Noticed Dowan
  3890 | D:4      | Reached skill level 7 in Axes
  3951 | D:4      | Reached XP level 8. HP: 32/46 MP: 8/8
  4049 | D:5      | Killed Duvessa
  4068 | D:5      | Killed Dowan
  4068 | D:5      | Reached skill level 8 in Axes
  4688 | D:5      | Noticed Menkaure
  4698 | D:5      | Killed Menkaure
  5219 | D:5      | Noticed Pikel
  5233 | D:5      | Killed Pikel
  5233 | D:5      | Reached skill level 10 in Axes
  5233 | D:5      | Reached XP level 9. HP: 51/51 MP: 9/9
  6247 | D:6      | Reached skill level 5 in Fighting
  6853 | D:7      | Reached **** piety under Trog
  7160 | D:7      | Found a blossoming altar of Fedhas.
  8268 | D:8      | Reached XP level 10. HP: 57/63 MP: 10/10
  8847 | D:8      | Reached skill level 11 in Axes
  9556 | D:9      | Reached ***** piety under Trog
  9833 | D:9      | Found a shadowy altar of Dithmenos.
 10109 | D:9      | Found a staircase to the Orcish Mines.
 10354 | D:9      | Reached skill level 12 in Axes
 10603 | Orc:1    | Entered Level 1 of the Orcish Mines
 10603 | Orc:1    | Noticed a stone giant
 10603 | Orc:1    | Noticed an orc knight
 10603 | Orc:1    | Noticed an orc sorcerer
 10610 | D:9      | Killed an orc sorcerer
 10613 | D:9      | Killed a stone giant
 10613 | D:9      | Reached XP level 11. HP: 43/68 MP: 11/11
 10651 | D:9      | Noticed a hill giant
 10705 | D:9      | Killed a hill giant
 10910 | D:9      | Killed an orc knight
 10910 | D:9      | Reached skill level 13 in Axes
 11043 | Orc:1    | Noticed Gastronok
 11067 | Orc:1    | Killed Gastronok
 11422 | Orc:1    | Noticed an orc sorcerer
 11433 | Orc:1    | Paralysed by an orc sorcerer for 6 turns
 11445 | D:9      | Killed an orc sorcerer
 11498 | Orc:1    | Found a roughly hewn altar of Beogh.
 11498 | Orc:1    | Noticed an ettin
 11502 | Orc:1    | Killed an ettin
 11502 | Orc:1    | Reached skill level 14 in Axes
 11996 | Orc:2    | Entered Level 2 of the Orcish Mines
 11996 | Orc:2    | Noticed an orc sorcerer
 12000 | Orc:1    | Paralysed by an orc sorcerer for 3 turns
 12009 | Orc:1    | Killed an orc sorcerer
 12199 | Orc:2    | Noticed an orc high priest
 12209 | Orc:2    | Noticed an orc knight
 12217 | Orc:1    | Killed an orc high priest
 12217 | Orc:1    | Received a gift from Trog
 12217 | Orc:1    | Reached XP level 12. HP: 37/73 MP: 12/12
 12387 | Orc:1    | Reached skill level 15 in Axes
 12855 | Orc:2    | Noticed an orc high priest
 12864 | Orc:2    | Noticed a sun demon
 13206 | Orc:2    | Killed an orc high priest
 13283 | Orc:2    | Found a burning altar of Makhleb.
 14133 | Orc:2    | Reached skill level 10 in Fighting
 14782 | Orc:2    | Found Plog's Gadget Shoppe.
 14782 | Orc:2    | Found Gubev's Book Boutique.
 14784 | Orc:2    | Found Epuer's Book Shop.
 14786 | Orc:2    | Found Luzeliq's Jewellery Emporium.
 14897 | Orc:2    | Found a staircase to the Elven Halls.
 15089 | Orc:1    | Received a gift from Trog
 15219 | D:10     | Entered Level 10 of the Dungeon
 15376 | D:10     | Noticed raetorn's ghost (journeyman TrMo)
 15387 | D:10     | Killed raetorn's ghost
 15574 | D:10     | Found a staircase to the Lair.
 16409 | D:11     | Noticed Fannar
 16428 | D:11     | Killed Fannar
 16428 | D:11     | Reached skill level 16 in Axes
 16428 | D:11     | Reached XP level 13. HP: 82/82 MP: 4/13
 16501 | D:11     | Noticed Psyche
 16509 | D:11     | Killed Psyche
 16509 | D:11     | Received a gift from Trog
 17327 | Lair:1   | Entered Level 1 of the Lair of Beasts
 17983 | Lair:1   | Noticed blejac99's ghost (journeyman TrFi)
 17995 | Lair:1   | Killed blejac99's ghost
 17995 | Lair:1   | Reached skill level 17 in Axes
 18799 | Lair:2   | Got a translucent mace
 18800 | Lair:2   | Identified the +11 mace of Nolec {crush, rElec rN+ Str-2} (You found it on level 2 of the Lair of Beasts)
 19845 | Lair:3   | Received a gift from Trog
 20032 | Lair:3   | Found a hole to the Spider Nest.
 20166 | Lair:3   | You fall through a shaft for 3 floors!
 20772 | Lair:6   | Found a runed door.
 21023 | Lair:6   | Found a viscous altar of Jiyva.
 21025 | Lair:6   | Found a staircase to the Slime Pits.
 21386 | Lair:4   | Found a staircase to the Shoals.
 21454 | Lair:4   | Found a dark tunnel.
 21539 | Volcano  | Entered a volcano
 22314 | Lair:4   | Gained mutation: Your large and strong wings let you fly indefinitely. [Gargoyle growth]
 22314 | Lair:4   | Reached XP level 14. HP: 92/92 MP: 14/14
 23311 | Lair:5   | Identified a scroll of acquirement
 23375 | Lair:5   | Received a gift from Trog
 26301 | Lair:8   | Entered Level 8 of the Lair of Beasts
 26622 | Lair:7   | Reached skill level 18 in Axes
 26810 | Lair:8   | Reached ****** piety under Trog
 26895 | Lair:8   | Received a gift from Trog
 27111 | Lair:8   | Noticed a dire elephant
 27123 | Lair:8   | Killed a dire elephant
 27123 | Lair:8   | Reached XP level 15. HP: 78/100 MP: 15/15
 27570 | Lair:8   | Found a burning altar of Makhleb.
 27851 | Lair:8   | Found a gateway to Hell.
 27989 | Lair:8   | Reached skill level 19 in Axes
 28704 | Lair:5   | Received a gift from Trog
 28710 | Lair:5   | Got a slimy war axe {god gift}
 28711 | Lair:5   | Identified the +2 war axe of Fragile Peace {chop, rN+} (Trog gifted it to you on level 5 of the Lair of Beasts)
 28982 | D:12     | Noticed lupus83's ghost (journeyman GrFi)
 29004 | D:12     | Killed lupus83's ghost
 29178 | D:12     | Reached skill level 10 in Armour
 29186 | D:12     | Reached skill level 1 in Evocations
 29520 | D:12     | Mangled by a titanic slime creature

Skill      XL: |  1  2  3  4  5  6  7  8  9 10 11 12 13 14 15 |
---------------+----------------------------------------------+-----
Axes           | 3 4 5 6 7 10 12 14 16 17 18 19 | 19.0
Armour         | 4 5 7 8 10 | 10.0
Fighting       | 7 8 10 12 14 | 14.0
Evocations     | 2 |  2.5
Dodging        | |  1.5

Action                   |  1- 3 |  4- 6 |  7- 9 | 10-12 | 13-15 || total
-------------------------+-------+-------+-------+-------+-------++-------
Melee: Hand axe          |   106 |   184 |   742 |   299 |       ||  1331
       Battleaxe         |       |       |       |   583 |   287 ||   870
       Executioner's axe |       |       |       |       |   715 ||   715
       Whip              |       |       |       |       |    11 ||    11
       Mace              |       |       |       |       |     1 ||     1
       War axe           |       |       |       |       |    45 ||    45
Invok: Berserk           |       |     2 |     6 |    14 |     2 ||    24
       Trog's Hand       |       |     1 |     2 |     9 |     2 ||    14
       Brothers in Arms  |       |       |       |     1 |       ||     1
 Abil: Fly               |       |       |       |       |     1 ||     1
  Use: Scroll            |       |     6 |     4 |     5 |    16 ||    31
       Potion            |       |       |     1 |       |       ||     1
  Eat: Chunk             |     1 |     7 |    21 |    31 |    31 ||    91
       Bread ration      |       |       |     1 |     1 |     1 ||     3
       Pizza             |       |       |       |     2 |     1 ||     3
       Royal jelly       |       |       |       |     1 |     1 ||     2
       Beef jerky        |       |       |       |     5 |     4 ||     9
       Fruit             |       |       |       |     4 |     2 ||     6
Armor: Animal skin       |     7 |       |       |       |       ||     7
       Chain mail        |    55 |   124 |   479 |   407 |    32 ||  1097
       Plate armour      |       |       |       |   181 |   926 ||  1107
Dodge: Dodged            |    77 |    82 |   290 |   323 |   397 ||  1169
